 Dungeon Crawl Stone Soup version 0.29-a0-1006-g0dd7720b37 (webtiles) character file.

Game seed: 8595064352026691825

2230 Ajdolov the Reanimator (level 9, -5/68 HPs)
             Began as a Ghoul Venom Mage on Aug 6, 2022.
             Was a Follower of Vehumet.
             Slain by a cyclops (24 damage)
             ... on level 7 of the Dungeon.
             The game lasted 00:21:03 (10558 turns).

Ajdolov the Reanimator (Ghoul Venom Mage)          Turns: 10558, Time: 00:21:04

Health: -5/68      AC:  6    Str: 12    XL:     9   Next: 36%
Magic:  2/13       EV: 12    Int: 14    God:    Vehumet [*.....]
Gold:   68         SH:  5    Dex:  9    Spells: 4/15 levels left

rFire   . . .      SeeInvis .   g - +2 spear (venom)
rCold   + . .      Faith    .   (no shield)
rNeg    + + +      Spirit   .   a - +0 robe
rPois   ∞          Reflect  +   (no helmet)
rElec   .          Harm     .   u - +0 cloak of Nygalapp {Will+}
rCorr   .          Rampage  .   k - +2 pair of gloves
Will    +....                   (no boots)
Stlth   ++........              c - amulet of reflection
HPRegen 0.00/turn               (no ring)
MPRegen 0.13/turn               (no ring)

@: inhibited regen
A: claws 1, cold resistance 1, negative energy resistance 3, inhibited
regeneration, torment resistance 2, devour on kill
a: Renounce Religion


You were on level 7 of the Dungeon.
You worshipped Vehumet.
Vehumet was aware of your devotion.
You visited 2 branches of the dungeon, and saw 8 of its levels.

You collected 311 gold pieces.
You spent 243 gold pieces at shops.

Inventory:

Hand Weapons
 g - a +2 spear of venom (weapon)
 v - a +4 whip of flaming
Armour
 a - a +0 robe (worn)
 k - a +2 pair of gloves (worn)
 n - a +1 cloak
 u - the +0 cloak of Nygalapp (worn) {Will+}
   (You found it on level 7 of the Dungeon)

   Will:      It increases your willpower.
Jewellery
 c - an amulet of reflection (around neck)
Scrolls
 b - a scroll of summoning
 e - a scroll of magic mapping
 h - a scroll of poison
 i - 2 scrolls of amnesia
 j - a scroll of teleportation
 l - a scroll of immolation
 r - 3 scrolls of fog
 s - 2 scrolls of identify
Potions
 d - 2 potions of curing
 f - 3 potions of berserk rage {unknown}
 m - 2 potions of haste {unknown}
 o - a potion of ambrosia {unknown}
 q - a potion of flight {unknown}
 t - a potion of heal wounds {unknown}


   Skills:
 + Level 2.6 Fighting
 - Level 1.7 Dodging
 - Level 2.1 Stealth
 * Level 3.7 Spellcasting
 - Level 8.0 Necromancy
 - Level 2.1 Transmutations
 - Level 4.0 Air Magic
 - Level 6.0 Poison Magic


You had 4 spell levels left.
You knew the following spells:

 Your Spells              Type           Power      Damage    Failure   Level
a - Sting                 Tmut/Pois      56%        1d5       3%          1
b - Poisonous Vapours     Pois/Air       32%        N/A       3%          2
c - Dispel Undead         Necr           25%        3d12      8%          4
d - Olgreb's Toxic Radia  Pois           19%        N/A       17%         4

Your spell library contained the following spells:

 Spells                   Type           Power      Damage    Failure   Level
 Foxfire                  Conj/Fire      8%         2x1d4     21%         1
 Static Discharge         Conj/Air       8%         3-4/arc   13%         2
 Mephitic Cloud           Conj/Pois/Air  12%        N/A       16%         3
 Gell's Gravitas          Tloc           2%         N/A       52%         3
 Lesser Beckoning         Tloc           2%         N/A       52%         3
 Teleport Other           Tloc           2%         N/A       52%         3
 Sticky Flame             Conj/Fire      2%         2d3       89%         4


Dungeon Overview and Level Annotations

Branches:
Dungeon (7/15)             Temple (1/1) D:4

Altars:
Ashenzari
Dithmenos
Fedhas
Gozag
Hepliaklqana
Nemelex Xobeh
Okawaru
Qazlal
Ru
Sif Muna
Trog
Vehumet
Wu Jian
Xom
Yredelemnul

Shops:
D:7 [*[(?


Innate Abilities, Weirdness & Mutations

You are immune to poison.
You have sharp fingernails.
Your flesh is cold resistant. (rC+)
You are immune to negative energy. (rN+++)
You do not regenerate when monsters are visible.
You are immune to unholy pain and torment.
You thrive by killing the living.


Message History

Your toxic aura wanes.
The cyclops hits you.
Unknown command.
The sting hits the cyclops.
The cyclops looks even sicker.
The cyclops is lightly wounded.
The cyclops hits you!
Unknown command.
The sting hits the cyclops.
The cyclops looks as sick as possible!
The cyclops is lightly wounded.
Unknown command.
The sting hits the cyclops but does no damage.
The cyclops looks as sick as possible!
The cyclops is moderately wounded.
The cyclops hits you but does no damage.
Unknown command.
The sting hits the cyclops.
The cyclops looks as sick as possible!
The cyclops is moderately wounded.
The cyclops hits you!
Unknown command.
The sting hits the cyclops but does no damage.
The cyclops looks as sick as possible!
The cyclops is moderately wounded.
The sting hits the cyclops but does no damage.
The cyclops looks as sick as possible!
The cyclops is heavily wounded.
The cyclops misses you.
Unknown command.
The sting hits the cyclops.
The cyclops looks as sick as possible!
The cyclops is heavily wounded.
The cyclops hits you!!
* * * LOW HITPOINT WARNING * * *
Unknown command.
You hit the cyclops but do no damage.
The cyclops looks as sick as possible!
The cyclops is heavily wounded.
The cyclops hits you!!
* * * LOW HITPOINT WARNING * * *
Unknown command.
You feel better.
You feel better. The cyclops hits you!!
You die...

....#.##.##
....#...#.#
...##.##.##
######### #.##..##.#
###.)......
#∩#...##.# #..|##
#.######.######....#
.[.## #.##........#
....#
#.##.#..#'#^....#
....#
#....#..+@+......
..###
####.#..#C#..##.~
..## #........## ~
...## ###......#
....# #.###### ....+
... ....# ## ##
...## ..##


You could see a cyclops (extremely poisoned).

Vanquished Creatures
  Maggie (D:6)
  Prince Ribbit (D:6)
  A water moccasin (D:5)
  2 black bears
  A sky beast (D:7)
  2 ice beasts (D:5)
  3 ogres
  Blork the orc (D:6)
  5 scorpions
  3 jellies
  2 hounds
  A gnoll bouda (D:4)
  2 orc priests
  2 iguanas
  2 orc wizards
  8 gnolls (D:4)
  5 adders
  2 shadow imps (D:6)
  2 ufetubi
  A worm (D:2)
  2 dart slugs
  14 orcs
  7 ball pythons
  9 endoplasms
  3 giant cockroaches
  4 goblins
  6 hobgoblins
  4 jackals (D:2)
  A quokka (D:4)
  2 bats
  A frilled lizard (D:1)
  6 kobolds
  11 rats
117 creatures vanquished.

Notes
Turn   | Place    | Note
-------+----------+-------------------------------------------
     0 | D:1      | Ajdolov the Ghoul Venom Mage began the quest for the Orb.
     0 | D:1      | Reached XP level 1. HP: 14/14 MP: 2/2
    43 | D:1      | Reached skill level 1 in Transmutations
   210 | D:1      | Reached XP level 2. HP: 20/20 MP: 0/3
   857 | D:2      | Reached XP level 3. HP: 26/26 MP: 1/4
   860 | D:2      | Learned a level 2 spell: Poisonous Vapours
   889 | D:2      | Found a faded altar of an unknown god.
  1727 | D:2      | Reached XP level 4. HP: 33/33 MP: 3/5
  2755 | D:3      | Reached skill level 5 in Poison Magic
  2755 | D:3      | Reached XP level 5. HP: 38/38 MP: 0/6
  3814 | D:4      | Found a staircase to the Ecumenical Temple.
  3821 | Temple   | Entered the Ecumenical Temple
  4087 | Temple   | Became a worshipper of Vehumet
  4348 | D:4      | Reached skill level 1 in Air Magic
  4925 | D:4      | Noticed a black bear
  5127 | D:4      | Killed a black bear
  5128 | D:4      | Reached XP level 6. HP: 22/45 MP: 0/7
  6468 | D:4      | Reached XP level 7. HP: 50/50 MP: 2/8
  6792 | D:5      | Entered Level 5 of the Dungeon
  6839 | D:5      | Found a bloodstained altar of Trog.
  7586 | D:5      | Reached skill level 1 in Necromancy
  7953 | D:5      | Reached skill level 2 in Necromancy
  8200 | D:5      | Found a shadowy altar of Dithmenos.
  8405 | D:6      | Noticed Prince Ribbit
  8416 | D:6      | Found a broken altar of Ashenzari.
  8441 | D:5      | Reached skill level 3 in Necromancy
  8582 | D:6      | Killed Prince Ribbit
  8583 | D:6      | Reached skill level 4 in Necromancy
  8583 | D:6      | Reached XP level 8. HP: 39/57 MP: 1/10
  8822 | D:6      | Noticed Blork the orc
  8827 | D:6      | Reached skill level 5 in Necromancy
  8940 | D:6      | Reached skill level 6 in Necromancy
  9078 | D:6      | Killed Blork the orc
  9326 | D:6      | Reached skill level 7 in Necromancy
  9454 | D:6      | Reached * piety under Vehumet
  9454 | D:6      | Offered knowledge of Foxfire by Vehumet.
  9519 | D:6      | Noticed Maggie
  9530 | D:6      | Killed Maggie
  9531 | D:6      | Reached skill level 8 in Necromancy
  9531 | D:6      | Reached skill level 1 in Fighting
  9531 | D:6      | Reached XP level 9. HP: 48/64 MP: 1/11
  9648 | D:6      | Learned a level 4 spell: Dispel Undead
  9653 | D:6      | Learned a level 4 spell: Olgreb's Toxic Radiance
  9922 | D:7      | Found Qat Leph's Weapon Boutique.
  9950 | D:7      | Found Nuewous's Magic Scroll Boutique.
 10028 | D:7      | Bought a scroll of teleportation for 30 gold pieces
 10028 | D:7      | Bought a scroll of immolation for 40 gold pieces
 10028 | D:7      | Bought a scroll of identify for 20 gold pieces
 10230 | D:7      | Found a stormy altar of Qazlal.
 10357 | D:7      | Found Usocren's Antique Armour Boutique.
 10364 | D:7      | Bought a pair of gloves for 153 gold pieces
 10409 | D:7      | Found Enuts's Neck Hole.
 10413 | D:7      | Identified the +0 cloak of Nygalapp {Will+}
 10543 | D:7      | Found Ubosiss's Armour Boutique.
 10546 | D:7      | Noticed a cyclops
 10556 | D:7      | HP: 2/68 [cyclops (18)]
 10558 | D:7      | Slain by a cyclops

Illustrated notes

Levels and vault maps discovered:
D:1:      eino_arrival_cavern_a, layout_basic
D:2:      layout_basic, basic_ecumenical_altar, chequers_jeans,
          grunt_ministairs_4
D:3:      layout_basic
D:4:      layout_gridville, temple_fountains
D:5:      layout_basic, trog_butcher_becter, mainiacjoe_overflow_alcove_4,
          kennysheep_cross_bottleneck
D:6:      layout_rooms, old_standard_altar, uniq_maggie, uniq_prince_ribbit1,
          uniq_blork_the_orc
D:7:      layout_loops_corners, grunt_temple_overflow_open,
          nicolae_qazlal_eye_of_the_storm, nicolae_ossuary_entry_ruins,
          serial_shops, shop, shop, nicolae_shop_statue_plus,
          kennysheep_mini_moat, dreamdust_wishing_well, serial_bayou_pond_c,
          nicolae_shop_sticking_my_neck_out
Temple:   dpeg_chambers_temple

Skill      XL: |  1  2  3  4  5  6  7  8  9 |
---------------+----------------------------+-----
Transmutations | 1 2 |  2.1
Poison Magic   | 4 5 6 |  6.0
Air Magic      | 2 3 4 |  4.0
Spellcasting   | 2 3 |  3.7
Necromancy     | 4 8 |  8.0
Fighting       | 1 2 |  2.6
Dodging        | |  1.7
Stealth        | |  2.1

Action                   |  1- 3 |  4- 6 |  7- 9 || total
-------------------------+-------+-------+-------++-------
Melee: Unarmed           |     5 |       |       ||     5
       Hand axe          |     6 |       |       ||     6
       Spear             |    23 |    58 |    99 ||   180
       Whip              |       |     2 |       ||     2
       Punch             |       |       |     2 ||     2
 Cast: Sting             |    48 |   123 |    95 ||   266
       Poisonous Vapours |       |    12 |    37 ||    49
       Olgreb's Toxic Ra |       |       |     2 ||     2
  Use: Scroll            |       |       |    13 ||    13
       Potion            |       |       |     3 ||     3
 Stab: Sleeping          |       |       |     1 ||     1
Armor: Robe              |    10 |    30 |    52 ||    92
Dodge: Dodged            |    39 |    62 |    62 ||   163
Block: Other             |       |    14 |    22 ||    36

Table legend: (Time is in decaauts)
 A = Elapsed time spent in this place.
 B = Non-inter-level travel time spent in this place.
 C = Inter-level travel time spent in this place.
 D = Time resting spent in this place.
 E = Time spent auto-exploring this place.
 F = Levels seen in this place.
 G = Mean time per level.
                   A        B        C        D        E       F      G
               +--------+--------+--------+--------+--------+-----+--------+
         Total |  10585 |  10193 |    392 |   2058 |   6538 |   8 | 1323.1 |
       Dungeon |  10305 |   9925 |    380 |   2058 |   6306 |   7 | 1472.1 |
        Temple |    279 |    267 |     12 |      0 |    232 |   1 |  279.0 |
               +--------+--------+--------+--------+--------+-----+--------+

Top non-repeatable levels by time:
     D:4: 2342 daAuts
     D:5: 1850 daAuts
     D:2: 1536 daAuts
     D:3: 1533 daAuts
     D:6: 1207 daAuts
     D:1: 1115 daAuts
     D:7: 720 daAuts
  Temple: 279 daAuts
